 Dungeon Crawl Stone Soup version 0.24-a0-479-g9a978d2894 (webtiles) character file.

Game seed: 13704090004085679213

25 Gynju the Sneak (level 2, -2/13 HPs)
             Began as a Spriggan Enchanter on July 7, 2019.
             Slain by a worm (8 damage)
             ... on level 2 of the Dungeon.
             The game lasted 00:02:02 (922 turns).

Gynju the Sneak (Spriggan Enchanter)                 Turns: 922, Time: 00:02:02

Health: -2/13      AC:  2    Str:  4    XL:     2   Next: 86%
Magic:  6/6        EV: 18    Int: 16    God:
Gold:   47         SH:  0    Dex: 16    Spells: 5/6 levels left

rFire    . . .     SeeInvis +   a - +1 dagger
rCold    . . .     Gourm    .   (shield restricted)
rNeg     . . .     Faith    .   b - +0 robe
rPois    .         Spirit   .   (helmet restricted)
rElec    .         Reflect  .   (no cloak)
rCorr    .         Harm     .   (gloves unavailable)
MR       .....                  (boots unavailable)
Stlth    +++.......             (no amulet)
HPRegen  0.04/turn              (no ring)
MPRegen  0.10/turn              (no ring)

@: very quick
A: very small, unfitting armour, see invisible, herbivore, speed 3, slow
metabolism 2
a: no special abilities


You were on level 2 of the Dungeon.
You were not hungry.

You visited 1 branch of the dungeon, and saw 2 of its levels.

You collected 47 gold pieces.

Inventory:

Hand Weapons
 a - a +1 dagger (weapon)
Missiles
 i - 47 stones (quivered)
Armour
 b - a +0 robe (worn)
Jewellery
 h - an uncursed ring of protection from fire {unknown}
 l - an uncursed ring of poison resistance {unknown}
 m - an uncursed ring of ice {unknown}
Scrolls
 e - a scroll of amnesia {unknown}
 f - 4 scrolls of identify {unknown}
 g - 2 scrolls of remove curse {unknown}
 k - a scroll of enchant armour {unknown}
Potions
 c - a potion of might {unknown}
 j - 2 potions of resistance {unknown}
Comestibles
 d - 4 rations


   Skills:
 - Level 1.1 Short Blades
 - Level 3.0 Dodging
 + Level 5.4 Stealth
 - Level 2.6 Spellcasting
 + Level 4.3 Hexes


You had 5 spell levels left.
You knew the following spells:

 Your Spells              Type           Power        Failure   Level  Hunger
a - Corona                Hex            ###....      3%          1    #......

Your spell library contained the following spells:

 Spells                   Type           Power        Failure   Level  Hunger
 Confuse                  Hex            ###.....     10%         3    ###....
 Tukima's Dance           Hex            ###.....     10%         3    ###....
 Ensorcelled Hibernation  Hex/Ice        #.....       12%         2    ##.....
 Dazzling Spray           Conj/Hex       #.....       24%         3    ###....


Dungeon Overview and Level Annotations

Branches:
Dungeon (2/15)

Altars:

Annotations:
D:2 Terence


Innate Abilities, Weirdness & Mutations

You are very small and have problems with some larger weapons.
You are too small for most types of armour.
You have supernaturally acute eyesight. (SInv)
You are a herbivore.
You cover ground extremely quickly.
You need to consume almost no food.


Message History

You hit the worm.
The worm is moderately wounded.
The bat hits you but does no damage. The worm barely misses you.
You hit the worm but do no damage.
The worm is moderately wounded.
The bat hits you but does no damage.
You hit the worm but do no damage.
The worm is moderately wounded.
The bat misses you. The worm misses you.
You hit the worm but do no damage.
The worm is moderately wounded.
The bat closely misses you. The bat hits you but does no damage.
You hit the worm.
The worm is moderately wounded.
The bat hits you. The worm completely misses you.
You hit the worm but do no damage.
The worm is moderately wounded.
The bat closely misses you. The bat misses you. The worm bites you!
Ouch! That really hurt!
You die...

............ ........
##.#.#....... #
...................... #.
..................... ...
....##..........#.##
.......#.........#.........
...........................
....... #.w.........##.....
@...... #@.##......##.....
.......###..b#.............
................##.#.......
.......###.#..#.#..........
...........##.#.#..........
...........##...#..........
..###......................
#................#.....
#.........#....#.#.....


You could see a worm and a bat.

Vanquished Creatures
  A dart slug (D:1)
  A leopard gecko (D:2)
  A giant cockroach (D:1)
  5 goblins (D:1)
  2 hobgoblins (D:1)
  A ball python (D:2)
  3 bats (D:1)
  2 frilled lizards (D:1)
  3 kobolds (D:1)
  5 rats (D:1)
24 creatures vanquished.

Notes
Turn   | Place    | Note
-------+----------+-------------------------------------------
     0 | D:1      | Gynju the Spriggan Enchanter began the quest for the Orb.
     0 | D:1      | Reached XP level 1. HP: 9/9 MP: 5/5
   282 | D:1      | Reached XP level 2. HP: 13/13 MP: 6/6
   322 | D:1      | Reached skill level 5 in Stealth
   895 | D:2      | Noticed Terence
   922 | D:2      | Slain by a worm

Levels and vault maps discovered:
D:1:      lemuel_arrival_behind_the_door_small, layout_loops_ring
D:2:      kennysheep_big_flooded_room, layout_basic, kennysheep_generic_room_11,
          uniq_terence

Skill      XL: |  1  2 |
---------------+-------+-----
Hexes          | 4 |  4.3
Stealth        | 5 |  5.4
Short Blades   | |  1.1
Dodging        | |  3.0
Spellcasting   | |  2.6

Action                   || total
-------------------------++-------
Melee: Dagger            ||    61
 Cast: Corona            ||     1
 Stab: Sleeping          ||    12
Armor: Robe              ||     9
Dodge: Dodged            ||    38

Table legend:
 A = Non-vault XP
 B = Vault XP
 C = Vault XP percentage of total XP
 D = Non-vault monster count
 E = Vault monster count
 F = Vault count percentage of total count
                 A         B        C        D         E       F
            +---------+---------+-------+---------+---------+-------
      Total |      37 |       0 |   0.0 |      24 |       0 |   0.0
            +---------+---------+-------+---------+---------+-------
        D:1 |      33 |       0 |   0.0 |      22 |       0 |   0.0
        D:2 |       4 |       0 |   0.0 |       2 |       0 |   0.0
            +---------+---------+-------+---------+---------+-------
